 Dungeon Crawl Stone Soup version 0.19.1 (webtiles) character file.

46909 CanadianGator the Blocker (level 14, -11/90 HPs)
             Began as a Gargoyle Fighter on Nov 28, 2016.
             Was the Champion of Makhleb.
             Killed from afar by Azrael (42 damage)
             ... with damnation
             ... on level 2 of the Snake Pit.
             The game lasted 01:01:15 (15929 turns).

CanadianGator the Blocker (Gargoyle Fighter)       Turns: 15929, Time: 01:01:16

Health: -11/90     AC: 61    Str: 21    XL:     14   Next: 39%
Magic:  21/21      EV:  7    Int: 11    God:    Makhleb [******]
Gold:   659        SH: 18    Dex: 13    Spells: 0 memorised, 13 levels left

rFire  + . .     SeeInvis +     i - +5 flail (protect)
rCold  . . .     Gourm    .     d - +3 crystal plate armour
rNeg   + + +     Faith    .     z - +6 shield "Fohad" {+Inv rElec rN++ Dex-2}
rPois  ∞         Spirit   .     Z - +2 helmet {SInv}
rElec  +         Reflect  .     P - +0 cloak {rPois}
rCorr  .         Harm     .     y - +2 pair of gloves
MR     +....                    U - +2 pair of boots
Stlth  ..........               Y - amulet of magic regeneration
                                p - +5 ring of protection
                                Q - ring "Cuugin" {rElec rF+ Dex+4}

@: protection aura, flying
A: big wings, icy blue scales 2, see invisible, negative energy resistance 1,
electricity resistance, unbreathing, evolution 1, petrification resistance, rot
immunity, MP-powered wands, AC +9
a: Stop Flying, Minor Destruction, Lesser Servant of Makhleb, Major Destruction,
Greater Servant of Makhleb, Renounce Religion, Evoke Invisibility


You were on level 2 of the Snake Pit.
You worshipped Makhleb.
Makhleb was exalted by your worship.
You were not hungry.

You visited 3 branches of the dungeon, and saw 17 of its levels.
You also visited: Labyrinth and Sewer.

You collected 938 gold pieces.
You spent 279 gold pieces at shops.

Inventory:

Hand Weapons
 i - a +5 flail of protection (weapon)
 k - a +3 lajatang of speed
 t - a +0 morningstar
Armour
 d - a +3 crystal plate armour (worn)
 v - a +0 large shield
 y - a +2 pair of gloves (worn)
 z - the +6 shield "Fohad" (worn) {+Inv rElec rN++ Dex-2}
   (You found it on level 4 of the Dungeon)

   It affects your dexterity (-2).
   It insulates you from electricity.
   It greatly protects you from negative energy.
   It lets you turn invisible.
 P - a +0 cloak of poison resistance (worn)
 U - a +2 pair of boots (worn)
 Z - a +2 helmet of see invisible (worn)
Jewellery
 c - an uncursed ring of protection from cold
 p - a +5 ring of protection (right hand)
 x - an uncursed ring of protection from cold
 Q - the ring "Cuugin" (left hand) {rElec rF+ Dex+4}
   (You found it on level 8 of the Dungeon)

   [ring of dexterity]

   It affects your dexterity (+4).
   It protects you from fire.
   It insulates you from electricity.
 S - an uncursed ring of magical power
 Y - an amulet of magic regeneration (around neck)
Wands
 a - a wand of flame (19/48)
 b - a wand of digging (9/24)
 l - a wand of digging (12/24)
 L - a wand of disintegration (8/24)
 O - a wand of confusion (17/48)
 R - a wand of polymorph (17/24)
 T - a wand of polymorph (8/24)
Scrolls
 e - a scroll of brand weapon
 f - a scroll of holy word
 h - 4 scrolls of remove curse
 j - 2 scrolls of magic mapping
 m - 6 scrolls of recharging
 n - 2 scrolls of enchant weapon
 r - 4 scrolls of fog
 w - 5 scrolls of blinking
 A - 3 scrolls of teleportation
 B - 2 scrolls of immolation
 D - 7 scrolls of fear
 I - 2 scrolls of vulnerability
 K - a scroll of silence
Potions
 g - a potion of ambrosia
 E - 2 potions of lignification
 G - a potion of flight
 H - 2 potions of magic
 M - 3 potions of curing
 N - 2 potions of heal wounds
 V - a potion of invisibility {unknown}
Books
 F - a book of Debilitation

   Spells                             Type                      Level
   a - Corona                         Hexes                        1
   b - Slow                           Hexes                        2
   c - Gell's Gravitas                Hexes/Translocation          3
   d - Inner Flame                    Hexes/Fire                   3
   e - Cause Fear                     Hexes                        4
   f - Leda's Liquefaction            Hexes/Earth                  4
Miscellaneous
 C - a sack of spiders
 J - a phantom mirror
Comestibles
 o - 8 royal jellies
 q - a meat ration
 s - 4 bread rations
 u - 11 fruits
 W - 5 chunks of flesh
 X - a slice of pizza


   Skills:
 + Level 11.5 Fighting
 + Level 10.7 Maces & Flails
 + Level 11.5 Armour
 + Level 8.7 Dodging
 + Level 11.6 Shields
 + Level 10.6 Invocations


You had 13 spell levels left.
You didn't know any spells.

Dungeon Overview and Level Annotations

Branches:
Dungeon (12/15)            Temple (0/1) D:6            Lair (3/6) D:8
 Shoals (0/4) Lair:2        Snake (2/4) Lair:3          Orc (0/2) D:9

Altars:
Cheibriados
Elyvilon
Fedhas
Gozag
Kikubaaqudgha
Makhleb
Nemelex Xobeh
Okawaru
Trog
Vehumet
Xom
Yredelemnul
Zin
The Shining One

Shops:
D:7 *[   D:8 !   D:11 [

Annotations:
Snake:2 Azrael


Innate Abilities, Weirdness & Mutations

You are resistant to torment.
Your stone body is resilient. (AC +9)
You are immune to poison.
Your large and strong wings let you fly indefinitely.
You resist negative energy. (rN+)
You are resistant to electric shocks. (rElec)
You can survive without breathing.
You are immune to petrification.
You are immune to rotting.
You are mostly covered in icy blue scales. (AC +3)
You have supernaturally acute eyesight. (SInv)
You evolve.
You expend magic power (3 MP) to strengthen your wands.


Message History

Your balrug misses Azrael.
The naga sharpshooter shoots a bolt.
The bolt hits your balrug.
You hit Azrael but do no damage.
Azrael is heavily wounded.
The naga mage hits you but does no damage.
Your balrug hits Azrael with a demon whip.
Azrael is engulfed in flames.
Azrael completely resists.
Azrael screams at your balrug, "Burn!
Burn!
All of it must BURN!"
Azrael hits your balrug with a scimitar of flaming!
You block the naga mage's attack.
The naga sharpshooter shoots a bolt.
The bolt hits your balrug.
You strike the helpless Azrael from behind!
You hit Azrael but do no damage.
Azrael is severely wounded.
Your balrug hits Azrael with a demon whip!
Azrael is engulfed in flames.
Azrael completely resists.
You block the naga mage's attack. Azrael gestures at you.
The sphere of damnation explodes!
The damnation engulfs you!
You die...

####..#.# #.. #...
#.......# #.. #.>.
#...##### ### #...
#...# # ###...
##.#.# ##.....
##...## #....N.
##.....##
#....NR##.......##
#2@.........##
#....##......##
#....##..#....##
......####..###...##
..#...# ##.#
##...### .. #...#
### ##....# . ##..(
##.... #... ##...
###)


You could see Azrael, a naga sharpshooter, a naga mage and a friendly balrug.

Vanquished Creatures
  Agnes (Snake:2)
  A minotaur (Lab)
  Josephine (D:12)
  The ghost of vicissi the Cleaver, a journeyman HOFi of Beogh (D:11)
  5 hydras
  The ghost of CanadianGator the Grappler, a novice TrBe of Trog (D:10)
  2 naga warriors
  An anaconda (Snake:1)
  A centaur warrior (D:12)
  A naga sharpshooter (Snake:1)
  2 shock serpents
  The ghost of PrincessPwny the Cleaver, a novice DrBe of Trog (D:7)
  3 hill giants
  A wolf spider zombie (D:12)
  An oklob plant (Lair:1)
  4 mana vipers
  3 slime creatures (D:11)
  7 black mambas
  A manticore (Lair:2)
  2 naga magi (Snake:2)
  Maurice (D:8)
  An elephant (D:8)
  A siren (Lair:2)
  A gargoyle (D:11)
  6 spiny frogs
  4 komodo dragons
  An efreet (D:11)
  4 blink frogs (Lair:3)
  Grinder (D:4)
  6 hippogriffs
  2 two-headed ogres (D:10)
  3 wraiths (D:12)
  32 yaks
  3 wyverns
  Eustachio (D:4)
  3 hungry ghosts
  4 nagas (Snake:1)
  Edmund (D:4)
  A hell hound (Snake:2)
  3 porcupines
  7 water moccasins
  6 orc warriors
  4 black bears
  4 ice beasts
  4 sky beasts
  4 phantoms
  2 eyes of draining
  A necrophage (D:10)
  2 ogres
  6 centaurs
  7 crocodiles
  3 big kobolds
  A wyvern zombie (D:11)
  20 bullfrogs
  A gnoll sergeant (D:6)
  6 scorpions
  A water moccasin skeleton (D:9)
  11 killer bees
  3 electric eels (Lair:2)
  A howler monkey (D:9)
  7 crimson imps
  5 bullfrog zombies
  2 centaur zombies
  A quasit (D:10)
  3 centaur skeletons
  A hound (D:8)
  5 jellies
  4 orc priests
  A bullfrog skeleton (D:11)
  An iron imp (D:8)
  7 iguanas
  6 orc wizards
  10 worker ants
  A hound zombie (D:8)
  4 worker ant zombies
  9 gnolls
  19 adders
  6 river rats
  A shadow imp (D:9)
  6 oozes
  A worm (D:2)
  3 dart slugs
  6 leopard geckos
  19 orcs
  15 ball pythons
  3 bats
  10 giant cockroaches
  9 goblins
  9 hobgoblins
  7 jackals
  4 quokkas
  A ball python skeleton (D:4)
  3 frilled lizards
  15 kobolds
  A leopard gecko skeleton (D:8)
  A leopard gecko zombie (D:5)
  28 rats
447 creatures vanquished.

Vanquished Creatures (collateral kills)
  A nagaraja (Snake:2)
  An anaconda (Snake:2)
  A shock serpent (Snake:2)
  A naga ritualist (Snake:2)
  2 mana vipers (Snake:2)
  3 black mambas (Snake:2)
  A naga mage (Snake:2)
  2 fire elementals (Snake:2)
  5 nagas
  A hell hound (Snake:2)
18 creatures vanquished.

Vanquished Creatures (others)
  A bullfrog (D:6)
  A scorpion (D:5)
  A gnoll (D:5)
  A leopard gecko (D:2)
  A plant (Lair:2)
5 creatures vanquished.

Grand Total: 470 creatures vanquished

Notes
Turn   | Place    | Note
-------+----------+-------------------------------------------
     0 | D:1      | CanadianGator the Gargoyle Fighter began the quest for the Orb.
     0 | D:1      | Reached XP level 1. HP: 14/14 MP: 1/1
   140 | D:1      | Reached XP level 2. HP: 19/19 MP: 2/2
   163 | D:1      | Found a sparkling altar of Nemelex Xobeh.
   398 | D:1      | Reached skill level 1 in Dodging
   398 | D:1      | Reached XP level 3. HP: 18/23 MP: 3/3
  1534 | D:2      | Reached XP level 4. HP: 29/29 MP: 4/4
  2706 | D:4      | Noticed Grinder
  2706 | D:4      | Paralysed by Grinder for 5 turns
  2722 | D:4      | Paralysed by Grinder for 6 turns
  2741 | D:4      | Killed Grinder
  2741 | D:4      | Reached XP level 5. HP: 28/34 MP: 5/5
  2741 | D:4      | Reached XP level 6. HP: 32/39 MP: 6/6
  3109 | D:4      | Found a white marble altar of Elyvilon.
  3109 | D:4      | Found a faded altar of an unknown god.
  3111 | D:4      | Noticed Edmund
  3132 | D:4      | Killed Edmund
  3132 | D:4      | Reached XP level 7. HP: 36/44 MP: 7/7
  3135 | D:4      | Found a faded altar of an unknown god.
  3138 | D:4      | Found a faded altar of an unknown god.
  3140 | D:4      | Found a faded altar of an unknown god.
  3295 | D:4      | Noticed Eustachio
  3333 | D:4      | Killed Eustachio
  3333 | D:4      | Reached skill level 5 in Fighting
  3333 | D:4      | Reached skill level 5 in Shields
  3549 | D:4      | Got a faintly humming shield
  3560 | D:4      | Identified the +6 shield "Fohad" {+Inv rElec rN++ Dex-2} (You found it on level 4 of the Dungeon)
  3629 | D:4      | Found a burning altar of Makhleb.
  3629 | D:4      | Found a radiant altar of Vehumet.
  3640 | D:4      | Became a worshipper of Makhleb the Destroyer
  3839 | D:5      | Entered Level 5 of the Dungeon
  3840 | D:5      | Found a shimmering altar of Xom.
  3874 | D:5      | Reached skill level 5 in Armour
  3877 | D:5      | Reached skill level 1 in Invocations
  3879 | D:5      | Reached XP level 8. HP: 41/49 MP: 7/9
  4172 | D:5      | Found a glowing silver altar of Zin.
  4223 | D:5      | Reached * piety under Makhleb
  4702 | D:6      | Found a glowing drain.
  4719 | Sewer    | Entered a sewer
  4910 | Sewer    | Reached ** piety under Makhleb
  5026 | Sewer    | Reached skill level 5 in Maces & Flails
  5148 | D:6      | Reached XP level 9. HP: 55/55 MP: 11/11
  5164 | D:6      | Found a staircase to the Ecumenical Temple.
  5185 | D:6      | Gained mutation: You expend magic power (3 MP) to strengthen your wands. [mutagenic meat]
  5186 | D:6      | Gained mutation: You are agile. (Dex +2) [mutagenic meat]
  5187 | D:6      | Gained mutation: You are weak. (Str -2) [mutagenic meat]
  5188 | D:6      | Gained mutation: Your magical capacity is low. (-10% MP) [mutagenic meat]
  5189 | D:6      | Gained mutation: You possess an exceptional clarity of mind. [mutagenic meat]
  5190 | D:6      | Gained mutation: Your skin changes colour to match your surroundings (Stealth+). [mutagenic meat]
  5223 | D:6      | Reached *** piety under Makhleb
  5808 | D:7      | Found a blossoming altar of Fedhas.
  5836 | D:7      | Found Aguyh's Armour Shop.
  5915 | D:7      | Noticed PrincessPwny's ghost (novice DrBe)
  5961 | D:7      | Killed PrincessPwny's ghost
  6089 | D:7      | Reached skill level 5 in Invocations
  6130 | D:7      | Found a bloodstained altar of Trog.
  6154 | D:7      | Reached XP level 10. HP: 61/61 MP: 11/12
  6260 | D:7      | Found an iron altar of Okawaru.
  6300 | D:7      | Lost mutation: You are agile. (Dex +2) [mutagenic meat]
  6301 | D:7      | Gained mutation: You occasionally shout uncontrollably at your foes. [mutagenic meat]
  6351 | D:7      | Found Mogoe's Assorted Antiques.
  6430 | D:7      | Found an ancient bone altar of Kikubaaqudgha.
  6785 | D:8      | Found a snail-covered altar of Cheibriados.
  6848 | D:8      | Reached skill level 5 in Dodging
  6885 | D:8      | Noticed Maurice
  6901 | D:8      | Found a staircase to the Lair.
  6901 | D:8      | Noticed an elephant
  6931 | D:8      | Killed an elephant
  7060 | D:8      | Killed Maurice
  7116 | D:8      | Reached **** piety under Makhleb
  7347 | D:8      | Got a heavily runed golden ring
  7349 | D:8      | Identified the ring "Cuugin" {rElec rF+ Dex+4} (You found it on level 8 of the Dungeon)
  7477 | D:8      | Found Aheygumi's Distillery.
  7488 | D:8      | Gained mutation: Your magical capacity is very low. (-20% MP) [potion of mutation]
  7488 | D:8      | Lost mutation: Your magical capacity is very low. (-20% MP) [potion of mutation]
  8087 | D:9      | Found an opulent altar of Gozag.
  8144 | D:9      | Paralysed by fainting for 9 turns
  8199 | D:9      | Reached XP level 11. HP: 68/68 MP: 14/14
  8322 | D:9      | Found a staircase to the Orcish Mines.
  8463 | D:9      | Noticed a hill giant
  8480 | D:9      | Killed a hill giant
  8655 | D:9      | Found a glowing golden altar of the Shining One.
  8706 | D:9      | Reached ***** piety under Makhleb
  8971 | D:10     | Entered Level 10 of the Dungeon
  9083 | D:10     | Lost mutation: Your magical capacity is low. (-10% MP) [mutagenic meat]
  9084 | D:10     | Gained mutation: You evolve. [mutagenic meat]
  9086 | D:10     | Gained mutation: You are very weak. (Str -4) [mutagenic meat]
  9562 | D:10     | Found Lies's Magic Scroll Shop.
  9730 | D:10     | Noticed CanadianGator's ghost (novice TrBe)
  9782 | D:10     | Lost mutation: You occasionally shout uncontrollably at your foes. [evolution]
  9785 | D:10     | Killed CanadianGator's ghost
  9824 | D:10     | Noticed a hill giant
  9842 | D:10     | Killed a hill giant
 10125 | D:11     | Found Nyjaff's Armour Shop.
 10145 | D:11     | Bought a +2 helmet of see invisible for 279 gold pieces
 10216 | D:11     | Found a labyrinth entrance.
 10230 | Lab      | Entered a labyrinth
 10289 | Lab      | Noticed a minotaur
 10304 | Lab      | Killed a minotaur
 10316 | Lab      | Identified the Incunabulum of Malediction
 10634 | D:11     | Noticed vicissi's ghost (journeyman HOFi)
 10683 | D:11     | Killed vicissi's ghost
 10683 | D:11     | Reached XP level 12. HP: 76/76 MP: 16/18
 10758 | D:11     | Noticed a five-headed hydra
 10767 | D:11     | Killed a five-headed hydra
 10862 | D:11     | Gained mutation: You are agile. (Dex +2) [evolution]
 10986 | D:11     | Noticed a seven-headed hydra
 11007 | D:11     | Killed a seven-headed hydra
 11380 | D:12     | Lost mutation: Your skin changes colour to match your surroundings (Stealth+). [potion of cure mutation]
 11380 | D:12     | Lost mutation: You possess an exceptional clarity of mind. [potion of cure mutation]
 11380 | D:12     | Lost mutation: You are agile. (Dex +2) [potion of cure mutation]
 11380 | D:12     | Lost mutation: You are very weak. (Str -4) [potion of cure mutation]
 11380 | D:12     | Lost mutation: You are weak. (Str -2) [potion of cure mutation]
 11435 | D:12     | Noticed a centaur warrior
 11436 | D:12     | Noticed Josephine
 11466 | D:12     | Killed Josephine
 11466 | D:12     | Reached skill level 10 in Shields
 11504 | D:12     | Killed a centaur warrior
 11779 | D:12     | Gained mutation: You are frail. (-10% HP) [evolution]
 11783 | D:12     | Reached skill level 10 in Fighting
 12121 | Lair:1   | Entered Level 1 of the Lair of Beasts
 12295 | Lair:1   | Found a basalt altar of Yredelemnul.
 12591 | Lair:1   | Noticed a seven-headed hydra
 12614 | Lair:1   | Killed a seven-headed hydra
 12614 | Lair:1   | Reached skill level 10 in Armour
 12614 | Lair:1   | Reached XP level 13. HP: 23/73 MP: 19/19
 13416 | Lair:1   | You fall through a shaft!
 13771 | Lair:2   | Reached ****** piety under Makhleb
 13898 | Lair:2   | Found a staircase to the Shoals.
 14217 | Lair:2   | Reached skill level 10 in Maces & Flails
 14712 | Lair:3   | Found a staircase to the Snake Pit.
 14740 | Snake:1  | Entered Level 1 of the Snake Pit
 14770 | Snake:1  | Reached skill level 10 in Invocations
 15361 | Snake:1  | Gained mutation: Your large and strong wings let you fly indefinitely. [Gargoyle growth]
 15361 | Snake:1  | Reached XP level 14. HP: 81/81 MP: 21/21
 15618 | Snake:2  | Noticed Agnes
 15658 | Snake:2  | Killed Agnes
 15673 | Snake:2  | Gained mutation: You have supernaturally acute eyesight. (SInv) [potion of mutation]
 15673 | Snake:2  | Gained mutation: You are partially covered in icy blue scales. (AC +2) [potion of mutation]
 15674 | Snake:2  | Lost mutation: You are frail. (-10% HP) [potion of mutation]
 15674 | Snake:2  | Gained mutation: You are mostly covered in icy blue scales. (AC +3) [potion of mutation]
 15695 | Snake:2  | Noticed a nagaraja
 15715 | Snake:2  | Killed a nagaraja
 15908 | Snake:2  | Noticed Azrael
 15929 | Snake:2  | Killed from afar by Azrael

Skill      XL: |  1  2  3  4  5  6  7  8  9 10 11 12 13 |
---------------+----------------------------------------+-----
Dodging        | 1 2 3 4 5 6 7 8 |  8.7
Fighting       | 4 5 6 7 9 10 11 | 11.5
Shields        | 4 5 6 7 8 9 10 11 | 11.6
Maces & Flails | 3 4 5 6 7 8 9 10 | 10.7
Armour         | 4 5 6 7 9 10 11 | 11.5
Invocations    | 1 3 5 6 8 9 10 | 10.6

Action                   |  1- 3 |  4- 6 |  7- 9 | 10-12 | 13-15 || total
-------------------------+-------+-------+-------+-------+-------++-------
Melee: Flail             |   121 |    19 |   610 |  1492 |   849 ||  3091
       Morningstar       |       |   111 |       |       |       ||   111
Invok: Major Destruction |       |       |       |     8 |     1 ||     9
       Minor Destruction |       |       |       |     3 |     1 ||     4
       Greater Servant o |       |       |       |       |     3 ||     3
 Abil: Fly               |       |       |       |       |     1 ||     1
  Use: Potion            |       |     6 |     6 |     7 |     2 ||    21
       Scroll            |       |       |       |    24 |    13 ||    37
 Stab: Distracted        |       |       |       |       |     1 ||     1
  Eat: Chunk             |     1 |     1 |    11 |    26 |     7 ||    46
       Bread ration      |       |     1 |     1 |     1 |       ||     3
       Fruit             |       |       |     1 |     2 |       ||     3
       Beef jerky        |       |       |     1 |     1 |     1 ||     3
       Royal jelly       |       |       |       |     3 |       ||     3
       Meat ration       |       |       |       |       |     1 ||     1
Armor: Scale mail        |    75 |   110 |   388 |       |       ||   573
       Plate armour      |       |       |    57 |   489 |       ||   546
       Chain mail        |       |       |    13 |       |       ||    13
       Crystal plate arm |       |       |       |   458 |   589 ||  1047
Dodge: Dodged            |    32 |    47 |   327 |   244 |   155 ||   805
Block: Shield            |    60 |    72 |   754 |  1470 |   930 ||  3286
